 Dungeon Crawl Stone Soup version 0.28.0-45-g0d030f2227 (webtiles) character file.

Game seed: 16557931180308872694

61 GigaChad the Slasher (level 3, -4/31 HPs)
             Began as a Minotaur Gladiator on Apr 12, 2022.
             Was a Follower of the Shining One.
             Slain by a gnoll
             ... wielding a +1 spear of freezing
              (7 damage)
             ... on level 2 of the Dungeon.
             The game lasted 00:03:37 (1191 turns).

GigaChad the Slasher (Minotaur Gladiator)           Turns: 1191, Time: 00:03:37

Health: -4/31      AC:  8    Str: 18    XL:     3   Next: 83%
Magic:  2/2        EV:  8    Int:  5    God:    the Shining One [*.....]
Gold:   33         SH:  0    Dex: 13    Spells: 2/2 levels left

rFire   . . .      SeeInvis .   a - +0 long sword
rCold   . . .      Faith    .   (no shield)
rNeg    . . .      Spirit   .   k - +0 chain mail
rPois   .          Reflect  .   c - +0 hat
rElec   .          Harm     .   (no cloak)
rCorr   .          Rampage  .   (no gloves)
Will    .....                   (no boots)
Stlth   ..........              (no amulet)
HPRegen 0.10/turn               (no ring)
MPRegen 0.08/turn               (no ring)

@: glowing
A: horns 2, retaliatory headbutt
a: Renounce Religion, Divine Shield


You were on level 2 of the Dungeon.
You worshipped the Shining One.
The Shining One was aware of your devotion.
You visited 1 branch of the dungeon, and saw 2 of its levels.

You collected 33 gold pieces.

Inventory:

Hand Weapons
 a - a +0 long sword (weapon)
 i - a +2 short sword of speed
 l - a +0 dagger of venom
Missiles
 d - 3 throwing nets (quivered)
 f - 18 bolts
Armour
 b - a +0 leather armour
 c - a +0 hat (worn)
 g - a +2 hat
 k - a +0 chain mail (worn)
Scrolls
 h - a scroll of enchant armour {unknown}
 j - a scroll of enchant weapon {unknown}
Potions
 e - a potion of haste {unknown}
 m - a potion of brilliance {unknown}


   Skills:
 + Level 3.0 Fighting
 + Level 4.8 Long Blades
 + Level 2.1 Throwing
 + Level 0.9 Armour
 + Level 3.8 Dodging


You had 2 spell levels left.
You didn't know any spells.
Your spell library contained the following spells:

 Spells                   Type           Power      Damage    Failure   Level
 Animate Skeleton         Necr           0%         N/A       100%        1
 Apportation              Tloc           0%         N/A       100%        1
 Summon Small Mammal      Summ           0%         N/A       100%        1


Dungeon Overview and Level Annotations

Branches:
Dungeon (2/15)

Altars:
The Shining One


Innate Abilities, Weirdness & Mutations

You have a pair of horns on your head.
You reflexively headbutt those who attack you in melee.


Message History

The bat hits you but does no damage.
There is a stone staircase leading up here.
The bat barely misses you. The bat barely misses you.
The bat barely misses you. The bat barely misses you.
The bat closely misses you.
You slash the bat!
You kill the bat!
A gnoll comes into view. It is wielding a +0 spear.
The gnoll shouts!
You hear a shout!
A gnoll comes into view. It is wielding a +1 spear of freezing.
You see here a bat corpse.
A gnoll comes into view. It is wielding a +0 flail.
The gnoll shouts!
You see here a bat corpse.
The gnoll hits you from afar with a +0 spear.
A bat comes into view.
The gnoll barely misses you.
The bat moves out of view.
There is a stone staircase leading up here.
You hit the gnoll.
The gnoll is moderately wounded.
The gnoll barely misses you. The gnoll hits you with a +0 spear.
The gnoll hits you from afar with a +1 spear of freezing.
The gnoll freezes you. The gnoll hits you with a +0 flail.
The gnoll closely misses you.
You hit the gnoll.
The gnoll is severely wounded.
The gnoll barely misses you. The gnoll hits you with a +0 flail!
* * * LOW HITPOINT WARNING * * *
The bat barely misses you. You furiously retaliate!
You headbutt the bat.
You kill the bat!
The gnoll hits you with a +1 spear of freezing.
* * * LOW HITPOINT WARNING * * *
The gnoll freezes you.
* * * LOW HITPOINT WARNING * * *
The gnoll hits you but does no damage. The gnoll barely misses you.
You completely miss the gnoll.
The gnoll hits you with a +1 spear of freezing!
You die...

### ###... #..
......
###.####..... .
...........##..
#.#.##.........
#.#............
#.#..##........
#.#.gg††.......
#...<@g.......#
#####.#####..###
#........# .#
#....)##.# ..
#....)##.# gg
#.....##.# .
#.....##.#
###......#
########


You could see 3 gnolls.

Vanquished Creatures
  Terence (D:2)
  A gnoll (D:1)
  A dart slug (D:1)
  3 bats
  3 endoplasms (D:1)
  3 goblins
  3 jackals (D:1)
  4 kobolds (D:1)
  A quokka (D:1)
  2 frilled lizards (D:1)
  2 rats (D:1)
24 creatures vanquished.

Notes
Turn   | Place    | Note
-------+----------+-------------------------------------------
     0 | D:1      | GigaChad the Minotaur Gladiator began the quest for the
                  | Orb.
     0 | D:1      | Reached XP level 1. HP: 18/18 MP: 0/0
   310 | D:1      | Reached skill level 4 in Long Blades
   312 | D:1      | Reached XP level 2. HP: 12/25 MP: 1/1
   642 | D:1      | Found a faded altar of an unknown god.
   643 | D:1      | Noticed an eye of devastation
   648 | D:1      | Noticed a golden eye
   648 | D:1      | Noticed an eye of devastation
   648 | D:1      | Noticed a floating eye
   651 | D:1      | Reached XP level 3. HP: 23/30 MP: 2/2
   656 | D:1      | Prayed at the altar of an unknown god.
   656 | D:1      | Became a worshipper of the Shining One
   656 | D:1      | Reached * piety under the Shining One
  1132 | D:2      | Noticed Terence
  1139 | D:2      | Killed Terence
  1191 | D:2      | Slain by a gnoll

Illustrated notes

Levels and vault maps discovered:
D:1:      dpeg_arrival_brainrot, layout_basic,
          hellmonk_ecumenical_altar_watching_god
D:2:      layout_loops_cross, uniq_terence, uniq_natasha

Skill      XL: |  1  2  3 |
---------------+----------+-----
Long Blades    | 4 |  4.8
Fighting       | 3 |  3.0
Throwing       | |  2.1
Armour         | |  0.9
Dodging        | |  3.8

Action                   || total
-------------------------++-------
Melee: Long sword        ||    41
       Headbutt          ||     6
       Punch             ||     1
  Use: Scroll            ||     3
Armor: Leather armour    ||    12
       Chain mail        ||     3
Dodge: Dodged            ||    40
